 Dungeon Crawl Stone Soup version 0.27.1 (webtiles) character file.

Game seed: 5931927538731741674

38604 AttackTheMoon the Warrior (level 13, 0/192 HPs)
             Began as a Minotaur Berserker on Sept 3, 2021.
             Was a High Priest of Trog.
             Succumbed to Nessos's poison
             ... on level 5 of the Lair of Beasts.
             The game lasted 00:29:34 (15664 turns).

AttackTheMoon the Warrior (Minotaur Berserker)     Turns: 15664, Time: 00:29:35

Health: 0/192      AC: 29    Str: 31    XL:     13   Next: 64%
Magic:  12/12      EV: 14    Int:  6    God:    Trog [*****.]
Gold:   2122       SH:  0    Dex: 10    Spells: 12/12 levels left

rFire    . . .     SeeInvis .   d - +7 battleaxe "Dejadghien" {speed, Str+6}
rCold    . . .     Faith    .   (shield currently unavailable)
rNeg     . . .     Spirit   .   n - +9 ring mail of Qanopsont {rPois}
rPois    +         Reflect  .   (helmet restricted)
rElec    .         Harm     .   A - +0 cloak
rCorr    .         Rampage  .   (no gloves)
Will     .....                  g - +2 pair of boots
Stlth    ..........             (no amulet)
HPRegen  0.42/turn              t - +4 ring of protection
MPRegen  0.13/turn              p - +4 ring of protection

@: berserking, lethally poisoned (0 -> -9), very quick
A: horns 2, retaliatory headbutt
a: Renounce Religion, Berserk, Trog's Hand, Brothers in Arms


You were on level 5 of the Lair of Beasts.
You worshipped Trog.
Trog was extremely pleased with you.
You visited 2 branches of the dungeon, and saw 14 of its levels.
You also visited: Sewer.

You collected 2122 gold pieces.

Inventory:

Hand Weapons
 a - a +1 hand axe
 c - the +8 mace of Mevot {flame, Will+ rCorr}
   (You took it off an orc on level 4 of the Dungeon)

   It burns those it strikes, dealing additional fire damage.
   rCorr:     It protects you from acid and corrosion.
   Will:      It increases your willpower.
 d - the +7 battleaxe "Dejadghien" (weapon) {speed, Str+6}
   (You acquired it in a sewer)

   Attacks with this weapon are significantly faster.
   Str:       It affects your strength (+6).
 y - the +9 trident of Yturcha {protect, Fragile rN++ Str+5}
   (You found it on level 2 of the Lair of Beasts)

   It grants its wielder temporary protection when it strikes (+7 to AC).
   Str:       It affects your strength (+5).
   rN:        It greatly protects you from negative energy.
   Fragile:   It will be destroyed if unequipped.
 B - a +1 vorpal broad axe
Armour
 b - a +0 animal skin
 e - a +3 plate armour
 g - a +2 pair of boots (worn)
 k - a +0 ring mail
 n - the +9 ring mail of Qanopsont (worn) {rPois}
   (You took it off an orc on level 4 of the Dungeon)

   rPois:     It protects you from poison.
 r - the +1 chain mail "Hiynlyom" {rElec rPois rF+ Stlth-}
   (You found it on level 7 of the Dungeon)

   rF:        It protects you from fire.
   rElec:     It insulates you from electricity.
   rPois:     It protects you from poison.
   Stlth:     It makes you less stealthy.
 A - a +0 cloak (worn)
 E - +0 steam dragon scales
Jewellery
 f - a ring of magical power
 i - a +4 ring of evasion
 p - a +4 ring of protection (right hand)
 q - a ring of fire
 s - an amulet of faith
 t - a +4 ring of protection (left hand)
Wands
 o - a wand of polymorph (1)
 G - a wand of flame (24)
Scrolls
 w - 3 scrolls of teleportation
 F - a scroll of magic mapping
Potions
 h - a potion of degeneration
 j - 5 potions of curing
 l - 4 potions of lignification
 m - 2 potions of attraction
 v - a potion of flight {unknown}
 x - 3 potions of resistance
 C - a potion of brilliance {unknown}
 D - 2 potions of invisibility
Miscellaneous
 H - a box of beasts (inert) (quivered)


   Skills:
 + Level 15.6 Fighting
 + Level 12.5 Axes
 + Level 11.6 Armour
 + Level 10.7 Dodging
 - Level 0.6 Stealth
 + Level 11.5 Shields
 + Level 8.8 Evocations


You had 12 spell levels left.
You didn't know any spells.
Your spell library was empty.

Dungeon Overview and Level Annotations

Branches:
Dungeon (8/15)             Temple (0/1) D:6            Lair (6/6) D:8
  Slime (0/5) Lair:5        Sewer (visited)
  Swamp: Lair:2-4    Shoals: Lair:2-4     Snake: Lair:2-4    Spider: Lair:2-4

Altars:
Cheibriados
Elyvilon
Fedhas
Hepliaklqana
Makhleb
Nemelex Xobeh
Okawaru
Ru
Wu Jian
Xom
Beogh

Shops:
D:8 !

Portals:
Abyss: D:6

Annotations:
Lair:4 3 runed translucent doors, RatsInWalls's ghost, journeyman OgMo
Lair:5 Nessos


Innate Abilities, Weirdness & Mutations

You have a pair of horns on your head.
You reflexively headbutt those who attack you in melee.


Message History

Nessos is severely wounded.
The wall burns Nessos!
Nessos hits you. Nessos kicks you but does no damage.
The wall burns Nessos!
Nessos hits you but does no damage. Nessos kicks you but does no damage.
You closely miss Nessos. You headbutt Nessos, but do no damage.
Nessos is severely wounded.
The wall burns Nessos!
Nessos blinks!
Unknown command.
Non-targeted evoke: box of beasts (inert)
Press: ? - help, Q - select action, (/) - cycle Dir - look around, f - activate
Okay, then.
Nessos wields a +3 longbow of flaming.
It bursts into flame!
Nessos shoots an arrow.
The arrow misses you.
Nessos blinks!
Non-targeted evoke: box of beasts (inert)
Press: ? - help, Q - select action, (/) - cycle Dir - look around, f - activate The box of beasts is presently inert.
Nessos shoots an arrow.
The arrow hits you! The arrow burns you.
Nessos shoots an arrow.
The arrow barely misses you.
Nessos shoots an arrow.
The arrow hits you but does no damage.
You are splashed with acid!
Nessos shoots an arrow.
The arrow closely misses you.
Nessos shoots an arrow.
The arrow hits you. The arrow burns you.
Nessos blinks!
Nessos shoots an arrow.
The arrow closely misses you.
Nessos shoots an arrow.
The arrow hits you! The arrow burns you.
You are poisoned.
Nessos shoots an arrow.
The arrow hits you!
* * * LOW HITPOINT WARNING * * *
The arrow burns you.
* * * LOW HITPOINT WARNING * * *
Found 12 gold pieces.
You feel very sick.
Nessos shoots an arrow.
The arrow closely misses you.
Nessos shoots an arrow.
The arrow hits you!
* * * LOW HITPOINT WARNING * * *
The arrow burns you!
* * * LOW HITPOINT WARNING * * *
Okay, then.
A red film seems to cover your vision as you go berserk!
You feel yourself moving faster!
You feel mighty!
You die...

..........#.#..........
................$.......
P............#....c...$
##........>............
#(.....#.....#........
##..................P.P
#P........#.#......##
##.................#
P..........(....@..#
P...............#.##
PP.......P##..P.###
...........##.##.
........####### ##
#........# .........#
#.........# ..........#


You could see Nessos (fast).

Vanquished Creatures
  A quicksilver ooze (Lair:3)
  A fire dragon (Lair:6)
  2 hydras
  A boulder beetle (Lair:6)
  An anaconda (Lair:2)
  A two-headed ogre (D:8)
  3 death yaks (Lair:3)
  Nergalle (Lair:1)
  The ghost of Golfball the Grappler, a novice TrMo (D:6)
  A lindwurm (Lair:6)
  2 molten gargoyles (Lair:6)
  6 black mambas
  16 cane toads
  A rime drake (Lair:2)
  20 komodo dragons
  A polar bear (Lair:2)
  The ghost of thromnambular the Sneak, an amateur HuBr of Ashenzari (D:4)
  10 blink frogs
  The ghost of Ekaitz the Firebug, an amateur DEFE of Sif Muna (D:5)
  6 wyverns
  Eustachio (D:5)
  47 yaks
  4 basilisks
  4 steam dragons
  Edmund (D:6)
  An acid dragon (D:5)
  7 water moccasins
  3 hell hounds (Lair:6)
  5 orc warriors
  An ice beast (D:7)
  2 sky beasts
  2 small abominations (D:6)
  2 black bears
  7 wolves (Lair:2)
  A necrophage (D:4)
  2 kobold brigands
  13 bullfrogs
  3 scorpions
  2 wyvern zombies
  A wyvern skeleton (D:6)
  5 killer bees (D:7)
  2 howler monkeys (D:8)
  A centaur zombie (D:7)
  3 lava snakes (Lair:6)
  An iron imp (D:4)
  4 orc priests
  A hound (D:7)
  7 jellies
  3 iguanas
  A scorpion zombie (D:5)
  9 orc wizards
  A centaur simulacrum (D:5)
  A bullfrog simulacrum (D:5)
  A scorpion simulacrum (D:5)
  2 hound skeletons
  5 gnolls
  11 adders
  2 white imps (D:5)
  A howler monkey simulacrum (D:5)
  An ufetubus (D:3)
  2 worms (D:5)
  35 orcs
  18 endoplasms
  11 giant cockroaches
  7 goblins
  10 hobgoblins
  19 kobolds
  11 quokkas
  11 ball pythons
  A bat (D:2)
  11 frilled lizards
  2 rats
386 creatures vanquished.

Vanquished Creatures (collateral kills)
  A lindwurm (Lair:6)
  2 wyverns (Lair:6)
  2 basilisks (Lair:6)
  A lava snake (Lair:6)
6 creatures vanquished.

Vanquished Creatures (others)
  23 fungi
  21 plants
44 creatures vanquished.

Grand Total: 436 creatures vanquished

Notes
Turn   | Place    | Note
-------+----------+-------------------------------------------
     0 | D:1      | AttackTheMoon the Minotaur Berserker began the quest for
                  | the Orb.
     0 | D:1      | Reached XP level 1. HP: 19/19 MP: 0/0
    59 | D:1      | Found a faded altar of an unknown god.
   301 | D:1      | Reached XP level 2. HP: 27/27 MP: 1/1
  1019 | D:2      | Reached XP level 3. HP: 24/33 MP: 2/2
  1172 | D:2      | Reached skill level 4 in Fighting
  1215 | D:2      | Found a shimmering altar of Xom.
  1787 | D:3      | Reached skill level 5 in Axes
  1846 | D:3      | Reached ** piety under Trog
  1854 | D:3      | Reached XP level 4. HP: 39/41 MP: 3/3
  2050 | D:3      | Identified a scroll of acquirement
  2050 | D:3      | Acquired a manual of Fighting
  2123 | D:3      | Found a glowing drain.
  2126 | D:3      | Reached XP level 5. HP: 30/47 MP: 4/4
  2140 | Sewer    | Entered a sewer
  2460 | Sewer    | Reached skill level 5 in Fighting
  2539 | Sewer    | Reached *** piety under Trog
  2540 | Sewer    | Reached skill level 1 in Shields
  2677 | Sewer    | Reached XP level 6. HP: 36/56 MP: 5/5
  2678 | Sewer    | Reached skill level 1 in Evocations
  2689 | Sewer    | Acquired the +7 battleaxe "Dejadghien" {speed, Str+6}
  3160 | D:3      | Found an iron altar of Okawaru.
  3368 | D:4      | Identified the +8 mace of Mevot {flame, Will+ rCorr}
  3368 | D:4      | Identified the +9 ring mail of Qanopsont {rPois}
  3369 | D:4      | Noticed thromnambular's ghost (amateur HuBr)
  3370 | D:4      | Found a runed translucent gate.
  3371 | D:4      | Found a runed translucent gate.
  3474 | D:4      | Found a snail-covered altar of Cheibriados.
  3495 | D:4      | Reached skill level 6 in Fighting
  3556 | D:4      | Reached XP level 7. HP: 63/63 MP: 6/6
  3570 | D:4      | Found a runed translucent gate.
  3586 | D:4      | Killed thromnambular's ghost
  4029 | D:4      | Reached skill level 7 in Fighting
  4065 | D:4      | Reached **** piety under Trog
  4088 | D:4      | Found a sacrificial altar of Ru.
  4257 | D:5      | Entered Level 5 of the Dungeon
  4271 | D:5      | Found a runed translucent gate.
  4271 | D:5      | Found a runed translucent gate.
  4271 | D:5      | Found a runed translucent gate.
  4295 | D:5      | Reached XP level 8. HP: 73/73 MP: 7/7
  4315 | D:5      | Noticed Ekaitz's ghost (amateur DEFE)
  4324 | D:5      | Killed Ekaitz's ghost
  4428 | D:5      | Reached skill level 8 in Fighting
  4428 | D:5      | Reached skill level 5 in Armour
  4430 | D:5      | Reached skill level 5 in Dodging
  4486 | D:5      | Noticed Eustachio
  4491 | D:5      | Killed Eustachio
  4577 | D:5      | Reached skill level 5 in Shields
  4606 | D:5      | Acquired 1210 gold pieces
  4857 | D:5      | Reached XP level 9. HP: 72/82 MP: 8/8
  4977 | D:6      | Found an ornate altar of the Wu Jian Council.
  4980 | D:6      | Found a sparkling altar of Nemelex Xobeh.
  4981 | D:6      | Found a hazy altar of Hepliaklqana.
  5231 | D:6      | Reached skill level 9 in Fighting
  5235 | D:6      | Reached ***** piety under Trog
  5448 | D:6      | Found a staircase to the Ecumenical Temple.
  5656 | D:6      | Noticed Edmund
  5669 | D:6      | Killed Edmund
  5670 | D:6      | Reached skill level 10 in Fighting
  5745 | D:6      | Found a one-way gate to the infinite horrors of the Abyss.
  5745 | D:6      | Noticed Golfball's ghost (novice TrMo)
  5749 | D:6      | Found a transporter.
  5772 | D:6      | Found a transporter.
  6126 | D:6      | Killed Golfball's ghost
  6127 | D:6      | Reached XP level 10. HP: 64/94 MP: 9/9
  6346 | D:7      | Identified the +1 chain mail "Hiynlyom" {rElec rPois rF+
                  | Stlth-}
  6459 | D:7      | Reached skill level 5 in Evocations
  6653 | D:7      | Reached skill level 11 in Fighting
  7123 | D:8      | Found Xoihocw's Distillery.
  7169 | D:8      | Noticed a two-headed ogre
  7408 | D:8      | Found a blossoming altar of Fedhas.
  7423 | D:8      | Killed a two-headed ogre
  7516 | D:8      | Found a staircase to the Lair.
  7603 | D:8      | Found a burning altar of Makhleb.
  7856 | D:8      | Noticed a blizzard demon
  7859 | D:8      | Noticed an orange demon
  7922 | Lair:1   | Entered Level 1 of the Lair of Beasts
  7940 | Lair:1   | Noticed a cane toad
  7952 | Lair:1   | Killed a cane toad
  8061 | Lair:1   | Noticed a black mamba
  8065 | Lair:1   | Reached skill level 12 in Fighting
  8065 | Lair:1   | Reached XP level 11. HP: 104/104 MP: 10/10
  8142 | Lair:1   | Reached skill level 10 in Axes
  8622 | Lair:1   | Noticed Nergalle
  8636 | Lair:1   | Killed Nergalle
  9326 | Lair:1   | Reached skill level 13 in Fighting
  9851 | Lair:2   | Identified the +9 trident of Yturcha {protect, Fragile rN++
                  | Str+5}
 10088 | Lair:2   | Received a gift from Trog
 10099 | Lair:2   | Reached XP level 12. HP: 85/115 MP: 11/11
 10335 | Lair:2   | Noticed a five-headed hydra
 10343 | Lair:2   | Noticed a seven-headed hydra
 10707 | Lair:2   | Reached skill level 10 in Armour
 11088 | Lair:2   | Reached skill level 14 in Fighting
 11188 | Lair:2   | Killed an eight-headed hydra
 11190 | Lair:2   | Reached skill level 10 in Shields
 11411 | Lair:2   | Noticed a seven-headed hydra
 11413 | Lair:2   | Noticed an anaconda
 11413 | Lair:2   | a seven-headed hydra changed into an anaconda
 11421 | Lair:2   | Killed an anaconda
 11526 | Lair:3   | Found a white marble altar of Elyvilon.
 11592 | Lair:3   | Noticed a six-headed hydra
 11600 | Lair:3   | Noticed a quicksilver ooze
 11600 | Lair:3   | a seven-headed hydra changed into a quicksilver ooze
 11608 | Lair:3   | Killed a quicksilver ooze
 11921 | Lair:3   | Reached skill level 10 in Dodging
 12098 | Lair:3   | Noticed a death yak
 12099 | Lair:3   | Noticed a death yak
 12101 | Lair:3   | Noticed a death yak
 12109 | Lair:3   | Killed a death yak
 12110 | Lair:3   | Killed a death yak
 12111 | Lair:3   | Reached XP level 13. HP: 85/125 MP: 12/12
 12115 | Lair:3   | Reached skill level 15 in Fighting
 13074 | Lair:4   | Found a runed translucent gate.
 13074 | Lair:4   | Found a runed translucent gate.
 13075 | Lair:4   | Found a runed translucent gate.
 13076 | Lair:4   | Noticed RatsInWalls's ghost (journeyman OgMo)
 13157 | Lair:4   | Received a gift from Trog
 13209 | Lair:4   | You fall into a shaft and drop 2 floors!
 13209 | Lair:6   | Entered Level 6 of the Lair of Beasts
 13234 | Lair:6   | Found a sacrificial altar of Ru.
 13621 | Lair:6   | Reached ****** piety under Trog
 14656 | Lair:6   | Found a large runed translucent door.
 14656 | Lair:6   | Found a large runed translucent door.
 14659 | Lair:6   | Noticed a fire dragon
 14677 | Lair:6   | Killed a fire dragon
 15642 | Lair:5   | Found a staircase to the Slime Pits.
 15650 | Lair:5   | Noticed Nessos
 15663 | Lair:5   | HP: 2/128 [Nessos/arrow (7)]
 15664 | Lair:5   | Succumbed to Nessos's poison

Illustrated notes

Levels and vault maps discovered:
D:1:      lemuel_arrival_muddy, layout_basic,
          dreamdust_ecumenical_altar_statues, hangedman_decor_diamond_cutter,
          feat_on_display
D:2:      layout_loops_ring, basic_altar
D:3:      layout_loops_ring, okawaru_altar_gauntlet_db, portal_sewer_entry_f,
          serial_bayou_pond_d, kennysheep_boxes
D:4:      layout_rooms, nicolae_ru_awakened_eye, slow_altar_1,
          biasface_ghost_orc_armoury, minivault_4
D:5:      minmay_inner_zag, layout_cave_pools, gammafunk_ghost_icy,
          serial_column_ruins, column_ruins_open_medium,
          column_ruins_open_small, column_ruins_grid_3, column_ruins_open_small,
          minmay_misc_feat_four_crosses, minmay_manual_monstrance,
          uniq_eustachio
D:6:      layout_loops_ring, minitemple, minmay_temple_entry_arrows,
          gammafunk_ghost_abyssal_escape, kennysheep_big_empty_room,
          minivault_23, uniq_edmund
D:7:      layout_basic
D:8:      layout_cave_pools, makhleb_altar_promises_db, lemuel_crystal_altar,
          dpeg_oklobed_lair, serial_shops, shop, hex_medium,
          kennysheep_flooded_box
Lair:1:   layout_layer_cave, beast_lair_carwin_4, serial_bayou_shore_a,
          grunt_megastairs_1, infiniplex_staircase_pool_2, uniq_nergalle
Lair:2:   nzn_winding_woodlands_medium [nzn_winding_woodlands_5x5_perimeter,
          nzn_winding_woodlands_5x15_eye, nzn_winding_woodlands_5x5_default,
          nzn_winding_woodlands_5x5_three,
          nzn_winding_woodlands_center_pierced_h,
          nzn_winding_woodlands_5x5_default, nzn_winding_woodlands_5x5_cross,
          nzn_winding_woodlands_5x15_pathside_ponds,
          nzn_winding_woodlands_hourglass], layout_cave_pods,
          serial_bayou_shore_b
Lair:3:   layout_roguey, basic_altar
Lair:4:   layout_regular_city, nicolae_swamp_entry_splash_gauntlet,
          spider_nest_entry_web_field, basic_altar, gammafunk_ghost_hydra_chop
Lair:5:   layout_hall_layers, nicolae_slime_entry_slimehenge, uniq_nessos
Lair:6:   cheibrodos_lair_end_hotspot, layout_big_grid, basic_altar

Skill      XL: |  1  2  3  4  5  6  7  8  9 10 11 12 13 |
---------------+----------------------------------------+-----
Axes           | 4 5 6 7 8 9 10 11 12 | 12.5
Fighting       | 4 5 6 7 8 10 12 13 14 15 | 15.6
Dodging        | 3 4 5 6 7 9 10 | 10.7
Shields        | 1 2 3 5 6 8 9 10 11 | 11.5
Armour         | 3 4 5 7 8 9 10 11 | 11.6
Evocations     | 1 2 3 4 5 7 8 |  8.8
Stealth        | |  0.6

Action                   |  1- 3 |  4- 6 |  7- 9 | 10-12 | 13-15 || total
-------------------------+-------+-------+-------+-------+-------++-------
Melee: Hand axe          |    65 |   107 |       |       |       ||   172
       Headbutt          |     6 |    23 |    32 |    75 |    41 ||   177
       Battleaxe         |       |    33 |   167 |   364 |   172 ||   736
Invok: Berserk           |       |     1 |     1 |     2 |     2 ||     6
       Trog's Hand       |       |       |       |       |     1 ||     1
       Brothers in Arms  |       |       |       |       |     1 ||     1
Evoke: Wand              |       |       |       |    13 |     5 ||    18
       Box of beasts     |       |       |       |       |     1 ||     1
  Use: Scroll            |       |     5 |     5 |    11 |     2 ||    23
       Potion            |       |     1 |     1 |     1 |     2 ||     5
 Stab: Sleeping          |     1 |     1 |       |       |       ||     2
       Distracted        |       |       |       |       |     1 ||     1
Armor: Animal skin       |    13 |    15 |       |       |       ||    28
       Ring mail         |       |     3 |    51 |   218 |   108 ||   380
Dodge: Dodged            |    37 |   129 |   126 |   239 |   114 ||   645
